Selects Airborne Battlegroup
Construct Weapon Support Center
Mechanized Support Center
Selects Paratrooper Squad Paradrop
Paratrooper Squad Paradrop
Paratrooper Squad Paradrop
Construct Medical Station
Paratrooper Squad Paradrop
Selects Smoke Bombing Run
Improved M9 Bazooka Rockets
Selects Paradrop Reinforcements
M4(105) Sherman Bulldozer
Paratrooper Squad Paradrop
M18 Hellcat Tank Destroyer
Designate Forward Repair Station